 Dungeon Crawl Stone Soup version 0.21.1-1-g345015f (webtiles) character file.

271 gerrrit the Skirmisher (level 6, 0/66 HPs)
             Began as an Ogre Berserker on Apr 3, 2018.
             Was a Priest of Trog.
             Slain by an adder (3 damage)
             ... on level 4 of the Dungeon.
             The game lasted 00:17:47 (4291 turns).

gerrrit the Skirmisher (Ogre Berserker)             Turns: 4291, Time: 00:17:48

Health: 0/66       AC: 11    Str: 24    XL:     6   Next: 23%
Magic:  6/6        EV:  7    Int:  8    God:    Trog [***...]
Gold:   226        SH:  0    Dex:  8    Spells: 5/5 levels left

rFire    x . .     SeeInvis .   a - +0 mace
rCold    + . .     Gourm    .   (no shield)
rNeg     . . .     Faith    .   h - +0 shadow dragon scales
rPois    .         Spirit   .   (helmet restricted)
rElec    .         Reflect  .   (no cloak)
rCorr    .         Harm     .   (gloves unavailable)
MR       .....                  (boots unavailable)
Stlth    ++........             (no amulet)
HPRegen  0.21/turn              e - ring of ice
MPRegen  0.10/turn              (no ring)

@: lethally poisoned (0 -> 0)
A: large, unfitting armour, tough skin 1
a: Berserk, Trog's Hand, Burn Spellbooks, Renounce Religion


You were on level 4 of the Dungeon.
You worshipped Trog.
Trog was most pleased with you.
You were hungry.

You visited 1 branch of the dungeon, and saw 4 of its levels.

You collected 226 gold pieces.

Inventory:

Hand Weapons
 a - a +0 mace (weapon)
 d - a +0 hand axe of flaming
 i - a cursed -3 blowgun
 m - a +4 dagger
Missiles
 g - 2 tomahawks (quivered)
Armour
 b - a +0 animal skin
 h - +0 shadow dragon scales (worn)
 j - a cursed +0 chain mail
Jewellery
 e - a ring of ice (left hand)
 k - an uncursed amulet of magic regeneration {unknown}
Scrolls
 f - a scroll of magic mapping
Potions
 l - a potion of might
Comestibles
 c - 4 rations


   Skills:
 + Level 5.4 Fighting
 + Level 4.5 Maces & Flails
 + Level 1.2 Armour
 + Level 3.4 Dodging
 + Level 1.1 Stealth


You had 5 spell levels left.
You didn't know any spells.

Dungeon Overview and Level Annotations

Branches:
Dungeon (4/15)
 Temple: D:4-7

Altars:


Innate Abilities, Weirdness & Mutations

You are too large for most types of armour.
You have tough skin. (AC +1)


Message History

The adder bites you but does no damage.
You hit the adder.
The adder is almost dead.
Something hits you but does no damage. The orc hits you but does no damage.
The adder barely misses you. The orc hits you but does no damage.
The orc wizard hits you but does no damage.
You closely miss the adder.
The adder is almost dead.
You feel sick. Something hits you.
* * * LOW HITPOINT WARNING * * *
The adder bites you but does no damage. The orc hits you.
* * * LOW HITPOINT WARNING * * *
The orc wizard hits you but does no damage.
The orc hits you but does no damage.
You hear some strange, mumbled words.
A magic dart appears from out of thin air!
The magic dart hits you!
* * * LOW HITPOINT WARNING * * *
The adder bites you.
You die...

#.....................,,,,,,,,***
#.............................,*,
#.............................,#,
#.................#*,........#.#.
#........))......#**,#...#.#.#.#.
#........[.......# *,#.......#...
#........).......###'#......$....
#...............oS.(.............
#...######.....#@{..........<....
#...# #.....#oo.......###.%...
#...# #.....#o........###.....
#...######...............(.......
#................................
#......[.........................
#................................
###..............................
#.............)..............?.


You could see an orc wizard, an adder and 3 orcs.

Vanquished Creatures
  A howler monkey (D:2)
  2 orc priests
  An orc wizard (D:4)
  A gnoll (D:1)
  3 adders
  An ooze (D:3)
  An adder skeleton (D:4)
  A worm (D:2)
  4 dart slugs
  3 leopard geckos
  9 orcs
  A ball python (D:1)
  4 giant cockroaches
  5 goblins
  5 hobgoblins
  10 jackals
  2 quokkas (D:4)
  10 bats
  5 frilled lizards
  7 kobolds
  7 rats
83 creatures vanquished.

Notes
Turn   | Place    | Note
-------+----------+-------------------------------------------
     0 | D:1      | gerrrit the Ogre Berserker began the quest for the Orb.
     0 | D:1      | Reached XP level 1. HP: 24/24 MP: 1/1
   302 | D:1      | Reached XP level 2. HP: 28/32 MP: 2/2
   736 | D:1      | Reached XP level 3. HP: 40/40 MP: 3/3
   893 | D:1      | Reached ** piety under Trog
  1596 | D:2      | Reached XP level 4. HP: 42/49 MP: 4/4
  2226 | D:2      | Reached skill level 5 in Fighting
  2422 | D:2      | Reached XP level 5. HP: 57/57 MP: 5/5
  2565 | D:2      | Paralysed by a goblin for 4 turns
  2583 | D:2      | Paralysed by a goblin for 5 turns
  3114 | D:3      | Reached skill level 1 in Stealth
  3990 | D:4      | Reached skill level 1 in Armour
  4023 | D:4      | Reached XP level 6. HP: 43/66 MP: 6/6
  4046 | D:4      | Reached *** piety under Trog
  4291 | D:4      | HP: 3/66 [something/magic dart (1)]
  4291 | D:4      | Slain by an adder

Skill      XL: |  1  2  3  4  5 |
---------------+----------------+-----
Maces & Flails | 3 4 |  4.5
Dodging        | 3 |  3.4
Fighting       | 5 |  5.4
Stealth        | 1 |  1.1
Armour         | 1 |  1.2

Action                   |  1- 3 |  4- 6 || total
-------------------------+-------+-------++-------
Melee: Mace              |   114 |   197 ||   311
Throw: Tomahawk          |       |     3 ||     3
Invok: Burn Spellbooks   |       |     2 ||     2
  Use: Potion            |     3 |     2 ||     5
       Scroll            |     3 |     5 ||     8
 Stab: Sleeping          |       |     5 ||     5
  Eat: Chunk             |     2 |     5 ||     7
       Ration            |       |     1 ||     1
Armor: Animal skin       |    45 |       ||    45
       Shadow dragon sca |       |   194 ||   194
Dodge: Dodged            |    82 |    67 ||   149
